Flyers vs Blues
(R1)
Created - 23 mars 2017 at 00:08
Goals
|
| Flyers |
0 |
0 |
3 |
3 |
| Blues |
0 |
1 |
1 |
2 |
|
Shots
|
| Flyers |
6 |
9 |
9 |
24 |
| Blues |
7 |
9 |
11 |
27 |
|
1st period
No Goal
Penalties :
Joe Pavelski (STL) for Holding (Minor) at 4:15, Sergei Shirokov (STL) for Holding Stick (Minor) at 9:06, Jake Gardiner (STL) for Holding (Minor) at 12:43, Steve McCarthy (Phi) for Hooking (Minor) at 16:04
2nd period
1. Blues , Nik Antropov 15 (Taylor Pyatt) at 17:17
Penalties :
Jakub Voracek (Phi) for Tripping (Minor) at 4:38, Sergei Shirokov (STL) for Slashing (Minor) at 12:39, Jonathan Ericsson (Phi) for Tripping (Minor) at 19:51
3rd period
2. Blues , David Perron 31 (Jake Gardiner, Joe Pavelski) at 0:28 (PP)
3. Flyers , Jakub Voracek 26 (Chris Kreider, Jonathan Ericsson) at 8:54 (PP)
4. Flyers , Kyle Wellwood 19 (Jakub Voracek, Chris Kreider) at 9:26
5. Flyers , Jeff Carter 29 (Kyle Wellwood, Jeff Woywitka) at 10:46 (SH)
Penalties :
Chris Kreider (Phi) for Slashing (Minor) at 2:13, Chris Kreider (Phi) for Hooking (Minor) at 4:34, Tomas Kopecky (STL) for Hooking (Minor) at 8:26, Rostislav Olesz (Phi) for Hooking (Minor) at 10:37, Drew Stafford (STL) for Hooking (Minor) at 17:44
Goalie Stats
Cory Schneider (Phi), 25 saves from 27 shots - (0,926), W, 22-10-4, 60:00 minutes
Tuukka Rask (STL), 21 saves from 24 shots - (0,875), L, 24-15-6, 60:00 minutes
Players Stats for Flyers
Player Name G A P +/- PIM S H SB GA TA FO MP PP MP PK MP
------------------------------------------------------------------------------------
Adam Mair 0 0 0 0 0 0 0 0 0 0 3/4 7:55 0:00 1:25
Alex Killorn 0 0 0 0 0 0 1 0 0 0 0/0 9:57 0:00 0:00
Alexei Morozov 0 0 0 0 0 5 1 0 1 0 1/2 19:42 5:23 2:53
Chris Kreider 0 2 2 0 4 2 0 1 0 0 0/0 17:27 5:00 0:43
Jakub Voracek 1 1 2 0 2 2 0 0 0 0 2/4 16:08 5:00 0:00
Jeff Carter 1 0 1 1 0 3 6 0 0 1 15/33 25:31 5:06 6:17
Jeff Woywitka 0 1 1 1 0 2 0 4 0 1 0/0 24:29 5:48 6:05
John-Michael Liles 0 0 0 0 0 0 0 0 0 0 0/0 2:46 0:00 0:00
Jonathan Ericsson 0 1 1 1 2 1 0 0 1 0 0/0 26:37 5:48 5:28
Kyle Wellwood 1 1 2 1 0 3 3 0 0 0 11/12 22:21 5:00 6:14
Mats Zuccarello 0 0 0 0 0 0 2 1 0 1 0/0 7:31 0:00 0:00
Matt Smaby 0 0 0 0 0 3 1 0 0 0 0/0 22:00 4:35 4:27
Matthew Lombardi 0 0 0 0 0 0 1 2 0 0 4/8 12:31 0:00 2:53
Nathan Paetsch 0 0 0 0 0 0 0 0 0 0 0/0 13:28 0:00 2:03
Pavel Kubina 0 0 0 0 0 0 0 0 0 1 0/0 10:45 0:00 0:00
Rostislav Olesz 0 0 0 0 2 2 5 0 0 1 1/2 17:10 5:01 0:39
Stefan Ruzicka 0 0 0 0 0 1 1 0 0 0 0/0 12:50 0:39 0:00
Steve McCarthy 0 0 0 0 2 0 0 2 0 0 0/0 20:14 4:35 3:01
Players Stats for Blues
Player Name G A P +/- PIM S H SB GA TA FO MP PP MP PK MP
------------------------------------------------------------------------------------
Alex Pietrangelo 0 0 0 -1 0 7 0 1 0 0 0/0 21:47 6:24 0:16
Bryce Lampman 0 0 0 0 0 1 1 3 0 0 0/0 25:05 4:08 5:42
Cody Franson 0 0 0 0 0 1 1 0 1 1 0/0 21:28 4:01 4:41
D.J King 0 0 0 0 0 2 0 1 0 0 0/0 8:34 0:00 1:19
David Perron 1 0 1 -1 0 2 1 0 0 0 2/3 18:25 5:43 0:00
Drew Fata 0 0 0 1 0 1 1 0 0 0 0/0 17:13 0:00 4:25
Drew Stafford 0 0 0 1 2 2 0 0 0 0 0/1 10:30 0:09 2:42
Jake Gardiner 0 1 1 -1 2 0 1 1 0 0 0/0 19:27 6:31 0:21
Joe Pavelski 0 1 1 -2 2 2 2 1 1 1 0/1 16:28 5:43 0:00
Kevin Porter 0 0 0 0 0 0 0 1 1 0 2/2 7:42 0:00 0:39
Nik Antropov 1 0 1 0 0 3 2 0 0 0 13/23 20:51 5:43 6:22
Paul Kariya 0 0 0 -1 0 1 1 1 0 0 0/1 10:35 0:22 0:00
Sergei Shirokov 0 0 0 0 4 0 2 0 1 0 0/0 17:37 4:40 0:00
Taylor Hall 0 0 0 -1 0 0 3 0 0 0 4/11 14:49 4:36 0:00
Taylor Pyatt 0 1 1 1 0 2 0 0 0 0 0/1 15:02 0:00 6:22
Tomas Kopecky 0 0 0 0 2 1 0 0 0 0 0/0 7:23 0:00 0:00
Travis Hamonic 0 0 0 -1 0 1 1 0 0 0 0/0 15:42 0:00 5:21
Travis Zajac 0 0 0 0 0 1 2 0 1 0 7/22 20:53 4:40 3:22
3 Stars
1 - Kyle Wellwood (Phi)
2 - Jeff Carter (Phi)
3 - Nik Antropov (STL)
Power Play
Flyers - 1 on 6 Attempt(s) - 16,67%
Blues - 1 on 6 Attempt(s) - 16,67%
Penalty Kill
Flyers - 5 on 6 Attempt(s) - 83,33%
- Score 1 goal in Penalty Kill
Blues - 5 on 6 Attempt(s) - 83,33%
- Score 0 goal in Penalty Kill
Team Stat
Flyers - Hits : 21 - Faceoff Wins : 37 - Blocked Shots : 10 - Penalty Minutes : 12
Blues - Hits : 18 - Faceoff Wins : 28 - Blocked Shots : 9 - Penalty Minutes : 12
Official
Referees : Marouelli Dan and Walkom Stephen
Linesman : Derek Nansen and Dan Schachte
Game Notes
No Game Note
Finance
Level 1 -- Attendance: 6000 (100,00%) -- Ticket Income 504 000 $
Level 2 -- Attendance: 5000 (100,00%) -- Ticket Income 260 000 $
Level 3 -- Attendance: 2000 (100,00%) -- Ticket Income 60 000 $
Level 4 -- Attendance: 4000 (100,00%) -- Ticket Income 76 000 $
Luxury Box -- Attendance: 785 (78,50%) -- Ticket Income 132 665 $
Game was played at the Scotttrade center.
Total Attendance: 17785 (98,81%)
Total Ticket Income: 1 032 665 $
Other Income: 154 900 $
Total Income: 1 187 565 $
Flyers
5 vs 5 Forward
Center Left Wing Right Wing Time % Phy DF OF
1 Jeff Carter Rostislav Olesz Alexei Morozov 40 1 2 2
2 Kyle Wellwood Chris Kreider Jakub Voracek 30 1 2 2
3 Matthew Lombardi Alex Killorn Stefan Ruzicka 20 1 2 2
4 Adam Mair Jeff Carter Mats Zuccarello 10 1 2 2
5 vs 5 Defense
Defense Defense Time % Phy DF OF
1 Jonathan Ericsson Jeff Woywitka 40 1 2 2
2 Matt Smaby Steve McCarthy 30 1 2 2
3 Pavel Kubina Nathan Paetsch 20 1 2 2
4 John-Michael Liles Jonathan Ericsson 10 1 2 2
PowerPlay Forward
Center Left Wing Right Wing Time % Phy DF OF
1 Jeff Carter Rostislav Olesz Alexei Morozov 60 1 2 2
2 Kyle Wellwood Chris Kreider Jakub Voracek 40 1 2 2
PowerPlay Defense
Defense Defense Time % Phy DF OF
1 Jonathan Ericsson Jeff Woywitka 60 1 2 2
2 Matt Smaby Steve McCarthy 40 1 2 2
Penalty Kill 4 Players Forward
Center Wing Time % Phy DF OF
1 Jeff Carter Kyle Wellwood 60 1 2 2
2 Alexei Morozov Matthew Lombardi 40 1 2 2
Penalty Kill 4 Players Defense
Defense Defense Time % Phy DF OF
1 Jonathan Ericsson Jeff Woywitka 60 1 2 2
2 Matt Smaby Steve McCarthy 40 1 2 2
Penalty Kill - 3 Players Forward
Forward Time % Phy DF OF
1 Jeff Carter 60 1 2 2
2 Kyle Wellwood 40 1 2 2
Penalty Kill - 3 Players Defense
Defense Defense Time % Phy DF OF
1 Jonathan Ericsson Jeff Woywitka 60 1 2 2
2 Matt Smaby Steve McCarthy 40 1 2 2
4 vs 4 Forward
Center Wing Time % Phy DF OF
1 Jeff Carter Kyle Wellwood 60 1 2 2
2 Alexei Morozov Matthew Lombardi 40 1 2 2
4 vs 4 Defense
Defense Defense Time % Phy DF OF
1 Jonathan Ericsson Jeff Woywitka 60 1 2 2
2 Matt Smaby Steve McCarthy 40 1 2 2
Last Minutes Offensive
Center Left Wing Right Wing Defense Defense
Jeff Carter Rostislav Olesz Alexei Morozov Jonathan Ericsson Jeff Woywitka
Last Minutes Defensive
Center Left Wing Right Wing Defense Defense
Jeff Carter Rostislav Olesz Alexei Morozov Jonathan Ericsson Jeff Woywitka
Goaltenders
Starting : Cory Schneider
Backup : Steve Mason
Extra Forwards
Normal : Stefan Ruzicka, Mats Zuccarello, Adam Mair - PP : Stefan Ruzicka, Mats Zuccarello - PK : Adam Mair
Extra Defensemen
Normal : Pavel Kubina, Nathan Paetsch, John-Michael Liles - PP : Pavel Kubina - PK : Nathan Paetsch, John-Michael Liles
Penalty Shots
Jeff Carter, Kyle Wellwood, Alexei Morozov, Matthew Lombardi, Rostislav Olesz
Blues
5 vs 5 Forward
Center Left Wing Right Wing Time % Phy DF OF
1 Travis Zajac David Perron Sergei Shirokov 40 1 2 2
2 Taylor Hall Paul Kariya Joe Pavelski 30 1 2 2
3 Nik Antropov Taylor Pyatt Drew Stafford 20 1 2 2
4 Kevin Porter D.J King Tomas Kopecky 10 1 2 2
5 vs 5 Defense
Defense Defense Time % Phy DF OF
1 Bryce Lampman Alex Pietrangelo 40 1 2 2
2 Travis Hamonic Jake Gardiner 30 1 2 2
3 Drew Fata Cody Franson 20 1 2 2
4 Jake Gardiner Drew Fata 10 1 2 2
PowerPlay Forward
Center Left Wing Right Wing Time % Phy DF OF
1 Nik Antropov David Perron Joe Pavelski 60 1 2 2
2 Travis Zajac Taylor Hall Sergei Shirokov 40 1 2 2
PowerPlay Defense
Defense Defense Time % Phy DF OF
1 Jake Gardiner Alex Pietrangelo 60 1 2 2
2 Cody Franson Bryce Lampman 40 1 2 2
Penalty Kill 4 Players Forward
Center Wing Time % Phy DF OF
1 Nik Antropov Taylor Pyatt 60 1 2 2
2 Travis Zajac Drew Stafford 40 1 2 2
Penalty Kill 4 Players Defense
Defense Defense Time % Phy DF OF
1 Travis Hamonic Bryce Lampman 60 1 2 2
2 Cody Franson Drew Fata 40 1 2 2
Penalty Kill - 3 Players Forward
Forward Time % Phy DF OF
1 Nik Antropov 60 1 2 2
2 Taylor Pyatt 40 1 2 2
Penalty Kill - 3 Players Defense
Defense Defense Time % Phy DF OF
1 Travis Hamonic Drew Fata 60 1 2 2
2 Bryce Lampman Jake Gardiner 40 1 2 2
4 vs 4 Forward
Center Wing Time % Phy DF OF
1 Travis Zajac David Perron 60 1 2 2
2 Nik Antropov Taylor Hall 40 1 2 2
4 vs 4 Defense
Defense Defense Time % Phy DF OF
1 Bryce Lampman Alex Pietrangelo 60 1 2 2
2 Drew Fata Jake Gardiner 40 1 2 2
Last Minutes Offensive
Center Left Wing Right Wing Defense Defense
Taylor Hall David Perron Joe Pavelski Jake Gardiner Alex Pietrangelo
Last Minutes Defensive
Center Left Wing Right Wing Defense Defense
Nik Antropov David Perron Drew Stafford Bryce Lampman Drew Fata
Goaltenders
Starting : Tuukka Rask
Backup : Jeff Deslauriers
Extra Forwards
Normal : Travis Zajac, Sergei Shirokov, Tomas Kopecky - PP : Paul Kariya, David Perron - PK : Taylor Pyatt
Extra Defensemen
Normal : Drew Fata, Cody Franson, Jake Gardiner - PP : Bryce Lampman - PK : Travis Hamonic, Jake Gardiner
Penalty Shots
David Perron, Joe Pavelski, Travis Zajac, Nik Antropov, Sergei Shirokov
% Time on Ice - Flyers
Lines # - Real PCT - Wanted PCT - Time Play
Normal Forward
1 - 28% - 40% - 11:01
2 - 32% - 30% - 12:21
3 - 25% - 20% - 9:38
4 - 15% - 10% - 5:49
Normal Defense
1 - 32% - 40% - 12:32
2 - 33% - 30% - 12:46
3 - 28% - 20% - 10:45
4 - 7% - 10% - 2:46
PP Forward
1 - 52% - 60% - 5:23
2 - 48% - 40% - 5:00
PP Defense
1 - 56% - 60% - 5:48
2 - 44% - 40% - 4:35
PK Forward
1 - 73% - 60% - 7:39
2 - 27% - 40% - 2:53
PK Defense
1 - 58% - 60% - 6:05
2 - 42% - 40% - 4:27
PK3 Forward
1 - 0% - 60%
2 - 0% - 40%
PK3 Defense
1 - 0% - 60%
2 - 0% - 40%
44 Forward
1 - 0% - 60%
2 - 0% - 40%
44 Defense
1 - 0% - 60%
2 - 0% - 40%
Last Minute Offensive - 0:00
Last Minute Defensive - 0:16
Total
Forward - 60:00
Defense - 60:00
|
% Time on Ice - Blues
Lines # - Real PCT - Wanted PCT - Time Play
Normal Forward
1 - 36% - 40% - 14:05
2 - 27% - 30% - 10:40
3 - 18% - 20% - 7:13
4 - 18% - 10% - 7:03
Normal Defense
1 - 41% - 40% - 15:53
2 - 29% - 30% - 11:28
3 - 26% - 20% - 10:18
4 - 4% - 10% - 1:22
PP Forward
1 - 56% - 60% - 5:52
2 - 44% - 40% - 4:40
PP Defense
1 - 62% - 60% - 6:31
2 - 38% - 40% - 4:01
PK Forward
1 - 68% - 60% - 7:01
2 - 32% - 40% - 3:22
PK Defense
1 - 55% - 60% - 5:42
2 - 45% - 40% - 4:41
PK3 Forward
1 - 0% - 60%
2 - 0% - 40%
PK3 Defense
1 - 0% - 60%
2 - 0% - 40%
44 Forward
1 - 0% - 60%
2 - 0% - 40%
44 Defense
1 - 0% - 60%
2 - 0% - 40%
Last Minute Offensive - 0:04
Last Minute Defensive - 0:00
Total
Forward - 60:00
Defense - 60:00
|
Play by Play
1st period
0:01 of 1st period - Jeff Carter wins face-off versus Travis Zajac in neutral zone.
0:30 of 1st period - Slapshot by Alex Pietrangelo.
0:30 of 1st period - Stopped by Cory Schneider with a rebound.
0:32 of 1st period - Slapshot by Alex Pietrangelo.
0:32 of 1st period - Shot Misses the Net.
0:34 of 1st period - Snap shot by Taylor Hall.
0:34 of 1st period - Shot Misses the Net.
0:36 of 1st period - Slapshot by Bryce Lampman.
0:36 of 1st period - Stopped by Cory Schneider without a rebound.
0:37 of 1st period - Nik Antropov wins face-off versus Matthew Lombardi in Flyers zone.
0:40 of 1st period - Snap shot by Taylor Pyatt.
0:40 of 1st period - Stopped by Cory Schneider without a rebound.
0:41 of 1st period - Nik Antropov wins face-off versus Matthew Lombardi in Flyers zone.
0:44 of 1st period - Slapshot by Taylor Pyatt.
0:44 of 1st period - Deflect By Nik Antropov.
0:44 of 1st period - Shot Blocked by Matthew Lombardi.
0:44 of 1st period - Puck is out of play.
0:45 of 1st period - Nik Antropov wins face-off versus Matthew Lombardi in Flyers zone.
0:46 of 1st period - Wrist shot by Taylor Pyatt.
0:46 of 1st period - Stopped by Cory Schneider without a rebound.
0:47 of 1st period - Matthew Lombardi wins face-off versus Taylor Pyatt in Flyers zone.
0:52 of 1st period - Nik Antropov is hit by Alex Killorn and loses puck.
2:03 of 1st period - Wrist shot by Taylor Pyatt.
2:03 of 1st period - Shot Misses the Net.
2:05 of 1st period - Snap shot by Nik Antropov.
2:05 of 1st period - Stopped by Cory Schneider with a rebound.
2:07 of 1st period - Slapshot by Jake Gardiner.
2:07 of 1st period - Shot Misses the Net.
2:09 of 1st period - Snap shot by Drew Stafford.
2:09 of 1st period - Stopped by Cory Schneider without a rebound.
2:10 of 1st period - Travis Zajac wins face-off versus Jeff Carter in Flyers zone.
2:13 of 1st period - Slapshot by Sergei Shirokov.
2:13 of 1st period - Shot Misses the Net.
2:21 of 1st period - Wrist shot by Alexei Morozov.
2:21 of 1st period - Stopped by Tuukka Rask without a rebound.
2:22 of 1st period - Kyle Wellwood wins face-off versus Taylor Hall in Blues zone.
2:29 of 1st period - Jonathan Ericsson is hit by Bryce Lampman and loses puck.
3:54 of 1st period - Travis Zajac is hit by Mats Zuccarello and loses puck.
4:09 of 1st period - Matt Smaby is hit by Paul Kariya and loses puck.
4:15 of 1st period - Minor Penalty to Joe Pavelski for Holding.
4:16 of 1st period - Nik Antropov wins face-off versus Jeff Carter in Blues zone.
4:44 of 1st period - Snap shot by Jakub Voracek.
4:44 of 1st period - Shot Misses the Net.
4:46 of 1st period - Backhand shot by Chris Kreider.
4:46 of 1st period - Stopped by Tuukka Rask without a rebound.
4:47 of 1st period - Nik Antropov wins face-off versus Kyle Wellwood in Blues zone.
5:13 of 1st period - Icing by Jeff Carter.
5:14 of 1st period - Nik Antropov wins face-off versus Jeff Carter in Flyers zone.
5:24 of 1st period - Travis Hamonic is hit by Jeff Carter and loses puck.
5:38 of 1st period - Off-side.
5:39 of 1st period - Travis Zajac wins face-off versus Jakub Voracek in neutral zone.
6:04 of 1st period - Jonathan Ericsson is hit by Cody Franson and loses puck.
6:11 of 1st period - Drew Fata is hit by Jeff Carter and loses puck.
6:15 of 1st period - Penalty to Joe Pavelski is over, Joe Pavelski is back on ice.
6:58 of 1st period - Sergei Shirokov is hit by Kyle Wellwood.
7:12 of 1st period - Wrist shot by Alexei Morozov.
7:12 of 1st period - Deflect By Jeff Carter.
7:12 of 1st period - Shot Blocked by Bryce Lampman.
7:12 of 1st period - Puck is out of play.
7:13 of 1st period - Jeff Carter wins face-off versus Taylor Hall in Blues zone.
7:20 of 1st period - Wrist shot by Alexei Morozov.
7:20 of 1st period - Shot Blocked by Alex Pietrangelo.
7:37 of 1st period - Slapshot by Jeff Carter.
7:37 of 1st period - Shot Misses the Net.
8:42 of 1st period - Steve McCarthy is hit by Jake Gardiner and loses puck.
9:06 of 1st period - Minor Penalty to Sergei Shirokov for Holding Stick.
9:07 of 1st period - Kyle Wellwood wins face-off versus Nik Antropov in Blues zone.
9:09 of 1st period - Snap shot by Kyle Wellwood.
9:09 of 1st period - Shot Misses the Net.
9:11 of 1st period - Wrist shot by Jeff Woywitka.
9:11 of 1st period - Shot Misses the Net.
9:19 of 1st period - Wrist shot by Kyle Wellwood.
9:19 of 1st period - Stopped by Tuukka Rask without a rebound.
9:20 of 1st period - Kyle Wellwood wins face-off versus Nik Antropov in Blues zone.
9:25 of 1st period - Wrist shot by Chris Kreider.
9:25 of 1st period - Shot Blocked by Bryce Lampman.
9:29 of 1st period - Slapshot by Jakub Voracek.
9:29 of 1st period - Shot Misses the Net.
9:31 of 1st period - Slapshot by Jeff Woywitka.
9:31 of 1st period - Stopped by Tuukka Rask with a rebound.
9:45 of 1st period - Jonathan Ericsson is hit by Travis Zajac and loses puck.
9:52 of 1st period - Snap shot by Travis Zajac.
9:52 of 1st period - Deflect By Drew Stafford.
9:52 of 1st period - Shot Blocked by Chris Kreider.
9:52 of 1st period - Puck is out of play.
9:53 of 1st period - Alexei Morozov wins face-off versus Nik Antropov in Flyers zone.
10:28 of 1st period - Wrist shot by Travis Zajac.
10:28 of 1st period - Shot Misses the Net.
11:06 of 1st period - Penalty to Sergei Shirokov is over, Sergei Shirokov is back on ice.
12:16 of 1st period - Snap shot by Taylor Hall.
12:16 of 1st period - Shot Misses the Net.
12:43 of 1st period - Minor Penalty to Jake Gardiner for Holding.
12:44 of 1st period - Nik Antropov wins face-off versus Jeff Carter in Blues zone.
13:50 of 1st period - Drew Stafford is hit by Rostislav Olesz and loses puck.
14:36 of 1st period - D.J King is hit by Rostislav Olesz and loses puck.
14:43 of 1st period - Penalty to Jake Gardiner is over, Jake Gardiner is back on ice.
14:47 of 1st period - Slapshot by Alex Pietrangelo.
14:47 of 1st period - Stopped by Cory Schneider with a rebound.
15:37 of 1st period - Nathan Paetsch is hit by Drew Fata and loses puck.
15:47 of 1st period - Icing by Travis Zajac.
15:48 of 1st period - Travis Zajac wins face-off versus Matthew Lombardi in Blues zone.
15:53 of 1st period - Steve McCarthy is hit by Taylor Hall and loses puck.
16:02 of 1st period - Wrist shot by Joe Pavelski.
16:02 of 1st period - Shot Blocked by Steve McCarthy.
16:04 of 1st period - Minor Penalty to Steve McCarthy for Hooking.
16:05 of 1st period - Jeff Carter wins face-off versus Travis Zajac in Flyers zone.
16:54 of 1st period - Icing by Bryce Lampman.
16:55 of 1st period - Adam Mair wins face-off versus Travis Zajac in Blues zone.
16:56 of 1st period - Snap shot by Chris Kreider.
16:56 of 1st period - Stopped by Tuukka Rask with a rebound.
18:04 of 1st period - Penalty to Steve McCarthy is over, Steve McCarthy is back on ice.
18:38 of 1st period - Snap shot by Stefan Ruzicka.
18:38 of 1st period - Shot Misses the Net.
18:40 of 1st period - Snap shot by Alex Killorn.
18:40 of 1st period - Shot Blocked by Joe Pavelski.
19:00 of 1st period - Wrist shot by Alexei Morozov.
19:00 of 1st period - Stopped by Tuukka Rask without a rebound.
19:01 of 1st period - Matthew Lombardi wins face-off versus Nik Antropov in Blues zone.
19:25 of 1st period - Bryce Lampman is hit by Rostislav Olesz and loses puck.
19:43 of 1st period - Icing by Taylor Hall.
19:44 of 1st period - Kevin Porter wins face-off versus Jeff Carter in Blues zone.
Goals for this period are 0 for Flyers vs 0 for Blues.
Shots for this period are 6 for Flyers vs 7 for Blues.
2nd period
0:01 of 2nd period - Jeff Carter wins face-off versus Travis Zajac in neutral zone.
0:04 of 2nd period - Bryce Lampman is hit by Rostislav Olesz and loses puck.
0:13 of 2nd period - Jeff Carter is hit by David Perron and loses puck.
0:48 of 2nd period - Snap shot by Nik Antropov.
0:48 of 2nd period - Shot Misses the Net.
1:08 of 2nd period - Slapshot by Cody Franson.
1:08 of 2nd period - Shot Misses the Net.
1:10 of 2nd period - Slapshot by Cody Franson.
1:10 of 2nd period - Shot Blocked by Mats Zuccarello.
1:14 of 2nd period - Snap shot by Sergei Shirokov.
1:14 of 2nd period - Shot Misses the Net.
1:16 of 2nd period - Backhand shot by David Perron.
1:16 of 2nd period - Shot Misses the Net.
1:18 of 2nd period - Wrist shot by Travis Zajac.
1:18 of 2nd period - Stopped by Cory Schneider with a rebound.
1:20 of 2nd period - Snap shot by Sergei Shirokov.
1:20 of 2nd period - Shot Blocked by Steve McCarthy.
1:38 of 2nd period - Wrist shot by Tomas Kopecky.
1:38 of 2nd period - Deflect By D.J King.
1:38 of 2nd period - Stopped by Cory Schneider without a rebound.
1:39 of 2nd period - Rostislav Olesz wins face-off versus Taylor Hall in Flyers zone.
1:39 of 2nd period - Rostislav Olesz is hit by Taylor Hall.
2:26 of 2nd period - Wrist shot by Kevin Porter.
2:26 of 2nd period - Shot Misses the Net.
2:44 of 2nd period - Wrist shot by Kyle Wellwood.
2:44 of 2nd period - Stopped by Tuukka Rask without a rebound.
2:45 of 2nd period - Travis Zajac wins face-off versus Alexei Morozov in Blues zone.
2:50 of 2nd period - Snap shot by Sergei Shirokov.
2:50 of 2nd period - Shot Blocked by Jeff Woywitka.
3:45 of 2nd period - Steve McCarthy is hit by Nik Antropov and loses puck.
4:33 of 2nd period - Snap shot by Joe Pavelski.
4:33 of 2nd period - Stopped by Cory Schneider with a rebound.
4:35 of 2nd period - Backhand shot by Joe Pavelski.
4:35 of 2nd period - Stopped by Cory Schneider without a rebound.
4:36 of 2nd period - Kyle Wellwood wins face-off versus Travis Zajac in Flyers zone.
4:38 of 2nd period - Minor Penalty to Jakub Voracek for Tripping.
4:39 of 2nd period - David Perron wins face-off versus Jeff Carter in Flyers zone.
5:32 of 2nd period - Off-side.
5:33 of 2nd period - Adam Mair wins face-off versus Nik Antropov in neutral zone.
5:50 of 2nd period - Snap shot by Joe Pavelski.
5:50 of 2nd period - Shot Misses the Net.
6:00 of 2nd period - Kyle Wellwood is hit by Taylor Hall and loses puck.
6:38 of 2nd period - Penalty to Jakub Voracek is over, Jakub Voracek is back on ice.
6:53 of 2nd period - Snap shot by Stefan Ruzicka.
6:53 of 2nd period - Shot Blocked by Kevin Porter.
7:20 of 2nd period - Snap shot by Stefan Ruzicka.
7:20 of 2nd period - Stopped by Tuukka Rask without a rebound.
7:21 of 2nd period - Kevin Porter wins face-off versus Adam Mair in Blues zone.
7:21 of 2nd period - Kevin Porter is hit by Mats Zuccarello.
7:33 of 2nd period - Snap shot by Stefan Ruzicka.
7:33 of 2nd period - Shot Blocked by D.J King.
7:42 of 2nd period - Icing by Stefan Ruzicka.
7:43 of 2nd period - Jakub Voracek wins face-off versus Travis Zajac in Flyers zone.
7:49 of 2nd period - Jeff Woywitka is hit by Sergei Shirokov.
8:13 of 2nd period - Wrist shot by Alexei Morozov.
8:13 of 2nd period - Deflect By Rostislav Olesz.
8:13 of 2nd period - Deflect By Joe Pavelski.
8:13 of 2nd period - Stopped by Tuukka Rask with a rebound.
8:15 of 2nd period - Snap shot by Rostislav Olesz.
8:15 of 2nd period - Stopped by Tuukka Rask without a rebound.
8:16 of 2nd period - Taylor Hall wins face-off versus Jeff Carter in Blues zone.
8:43 of 2nd period - Icing by Kyle Wellwood.
8:44 of 2nd period - Kyle Wellwood wins face-off versus Travis Zajac in Flyers zone.
8:44 of 2nd period - Kyle Wellwood is hit by Sergei Shirokov.
9:12 of 2nd period - Icing by Sergei Shirokov.
9:13 of 2nd period - Jeff Carter wins face-off versus Travis Zajac in Blues zone.
10:01 of 2nd period - Snap shot by Matt Smaby.
10:01 of 2nd period - Deflect By Drew Stafford.
10:01 of 2nd period - Stopped by Tuukka Rask with a rebound.
10:53 of 2nd period - Taylor Hall is hit by Jeff Carter and loses puck.
11:30 of 2nd period - Jonathan Ericsson is hit by Travis Zajac and loses puck.
11:58 of 2nd period - Snap shot by Alexei Morozov.
11:58 of 2nd period - Stopped by Tuukka Rask without a rebound.
11:59 of 2nd period - Kyle Wellwood wins face-off versus Drew Stafford in Blues zone.
12:10 of 2nd period - Snap shot by Chris Kreider.
12:10 of 2nd period - Shot Misses the Net.
12:39 of 2nd period - Minor Penalty to Sergei Shirokov for Slashing.
12:40 of 2nd period - Nik Antropov wins face-off versus Jeff Carter in Blues zone.
12:51 of 2nd period - Snap shot by Jeff Carter.
12:51 of 2nd period - Stopped by Tuukka Rask with a rebound.
12:53 of 2nd period - Slapshot by Jeff Woywitka.
12:53 of 2nd period - Stopped by Tuukka Rask with a rebound.
14:38 of 2nd period - Travis Zajac is hit by Stefan Ruzicka and loses puck.
14:39 of 2nd period - Penalty to Sergei Shirokov is over, Sergei Shirokov is back on ice.
14:55 of 2nd period - Matt Smaby is hit by Joe Pavelski and loses puck.
16:19 of 2nd period - Snap shot by Tomas Kopecky.
16:19 of 2nd period - Stopped by Cory Schneider with a rebound.
16:21 of 2nd period - Slapshot by Alex Pietrangelo.
16:21 of 2nd period - Stopped by Cory Schneider without a rebound.
16:22 of 2nd period - Matthew Lombardi wins face-off versus Travis Zajac in Flyers zone.
16:45 of 2nd period - Slapshot by Cody Franson.
16:45 of 2nd period - Stopped by Cory Schneider with a rebound.
17:05 of 2nd period - Icing by Pavel Kubina.
17:06 of 2nd period - Kyle Wellwood wins face-off versus Nik Antropov in Flyers zone.
17:17 of 2nd period - Snap shot by Nik Antropov.
17:17 of 2nd period - Goal by Nik Antropov - Flyers : 0 - Blues : 1.
17:18 of 2nd period - Jeff Carter wins face-off versus Travis Zajac in neutral zone.
18:32 of 2nd period - Backhand shot by Drew Fata.
18:32 of 2nd period - Stopped by Cory Schneider without a rebound.
18:33 of 2nd period - Adam Mair wins face-off versus Travis Zajac in Flyers zone.
19:23 of 2nd period - Off-side.
19:24 of 2nd period - Kyle Wellwood wins face-off versus Taylor Hall in neutral zone.
19:27 of 2nd period - Snap shot by Jonathan Ericsson.
19:27 of 2nd period - Stopped by Tuukka Rask with a rebound.
19:31 of 2nd period - Snap shot by Chris Kreider.
19:31 of 2nd period - Shot Misses the Net.
19:33 of 2nd period - Slapshot by Jonathan Ericsson.
19:33 of 2nd period - Shot Blocked by Bryce Lampman.
19:40 of 2nd period - Wrist shot by Chris Kreider.
19:40 of 2nd period - Shot Blocked by Paul Kariya.
19:51 of 2nd period - Minor Penalty to Jonathan Ericsson for Tripping.
19:52 of 2nd period - Jeff Carter wins face-off versus Joe Pavelski in Flyers zone.
Goals for this period are 0 for Flyers vs 1 for Blues.
Shots for this period are 9 for Flyers vs 9 for Blues.
3rd period
0:01 of 3rd period - Jeff Carter wins face-off versus Nik Antropov in neutral zone.
0:06 of 3rd period - Joe Pavelski is hit by Kyle Wellwood.
0:12 of 3rd period - Slapshot by Alex Pietrangelo.
0:12 of 3rd period - Stopped by Cory Schneider without a rebound.
0:13 of 3rd period - Nik Antropov wins face-off versus Jeff Carter in Flyers zone.
0:14 of 3rd period - Slapshot by Alex Pietrangelo.
0:14 of 3rd period - Stopped by Cory Schneider without a rebound.
0:15 of 3rd period - Nik Antropov wins face-off versus Jeff Carter in Flyers zone.
0:28 of 3rd period - Wrist shot by David Perron.
0:28 of 3rd period - Goal by David Perron - Flyers : 0 - Blues : 2.
0:29 of 3rd period - Travis Zajac wins face-off versus Jeff Carter in neutral zone.
1:40 of 3rd period - Alex Pietrangelo is hit by Jeff Carter and loses puck.
2:01 of 3rd period - Slapshot by Alex Killorn.
2:01 of 3rd period - Shot Misses the Net.
2:07 of 3rd period - Slapshot by Travis Hamonic.
2:07 of 3rd period - Stopped by Cory Schneider without a rebound.
2:08 of 3rd period - Kyle Wellwood wins face-off versus Taylor Hall in Flyers zone.
2:10 of 3rd period - Icing by Jeff Woywitka.
2:11 of 3rd period - Kyle Wellwood wins face-off versus Paul Kariya in Flyers zone.
2:13 of 3rd period - Minor Penalty to Chris Kreider for Slashing.
2:14 of 3rd period - Jeff Carter wins face-off versus Nik Antropov in Flyers zone.
4:13 of 3rd period - Penalty to Chris Kreider is over, Chris Kreider is back on ice.
4:34 of 3rd period - Minor Penalty to Chris Kreider for Hooking.
4:35 of 3rd period - Travis Zajac wins face-off versus Jeff Carter in Flyers zone.
5:02 of 3rd period - David Perron is hit by Matthew Lombardi and loses puck.
5:09 of 3rd period - Jonathan Ericsson is hit by Nik Antropov and loses puck.
6:34 of 3rd period - Penalty to Chris Kreider is over, Chris Kreider is back on ice.
7:22 of 3rd period - Nathan Paetsch is hit by Joe Pavelski and loses puck.
8:26 of 3rd period - Minor Penalty to Tomas Kopecky for Hooking.
8:27 of 3rd period - Jeff Carter wins face-off versus Nik Antropov in Blues zone.
8:30 of 3rd period - Wrist shot by Jeff Carter.
8:30 of 3rd period - Shot Misses the Net.
8:32 of 3rd period - Wrist shot by Jeff Carter.
8:32 of 3rd period - Stopped by Tuukka Rask with a rebound.
8:34 of 3rd period - Wrist shot by Alexei Morozov.
8:34 of 3rd period - Stopped by Tuukka Rask with a rebound.
8:36 of 3rd period - Slapshot by Jeff Woywitka.
8:36 of 3rd period - Shot Misses the Net.
8:38 of 3rd period - Wrist shot by Alexei Morozov.
8:38 of 3rd period - Shot Misses the Net.
8:40 of 3rd period - Snap shot by Jeff Carter.
8:40 of 3rd period - Shot Misses the Net.
8:54 of 3rd period - Snap shot by Jakub Voracek.
8:54 of 3rd period - Goal by Jakub Voracek - Flyers : 1 - Blues : 2.
8:55 of 3rd period - Jeff Carter wins face-off versus Travis Zajac in neutral zone.
9:10 of 3rd period - Wrist shot by Alexei Morozov.
9:10 of 3rd period - Stopped by Tuukka Rask without a rebound.
9:11 of 3rd period - Kyle Wellwood wins face-off versus Taylor Hall in Blues zone.
9:12 of 3rd period - Snap shot by Jakub Voracek.
9:12 of 3rd period - Stopped by Tuukka Rask without a rebound.
9:13 of 3rd period - Jakub Voracek wins face-off versus Taylor Hall in Blues zone.
9:16 of 3rd period - Wrist shot by Chris Kreider.
9:16 of 3rd period - Shot Misses the Net.
9:24 of 3rd period - Wrist shot by Jakub Voracek.
9:24 of 3rd period - Shot Misses the Net.
9:26 of 3rd period - Slapshot by Kyle Wellwood.
9:26 of 3rd period - Goal by Kyle Wellwood - Flyers : 2 - Blues : 2.
9:27 of 3rd period - Jeff Carter wins face-off versus Travis Zajac in neutral zone.
9:31 of 3rd period - Jonathan Ericsson is hit by Travis Hamonic and loses puck.
9:57 of 3rd period - Icing by Travis Hamonic.
9:58 of 3rd period - Matthew Lombardi wins face-off versus Travis Zajac in Blues zone.
10:09 of 3rd period - Slapshot by Matthew Lombardi.
10:09 of 3rd period - Shot Misses the Net.
10:11 of 3rd period - Slapshot by Matt Smaby.
10:11 of 3rd period - Stopped by Tuukka Rask without a rebound.
10:12 of 3rd period - Taylor Hall wins face-off versus Jeff Carter in Blues zone.
10:12 of 3rd period - Taylor Hall is hit by Rostislav Olesz.
10:20 of 3rd period - Snap shot by Alex Pietrangelo.
10:20 of 3rd period - Stopped by Cory Schneider without a rebound.
10:21 of 3rd period - Taylor Hall wins face-off versus Jeff Carter in Flyers zone.
10:26 of 3rd period - Wrist shot by Joe Pavelski.
10:26 of 3rd period - Shot Blocked by Jeff Woywitka.
10:28 of 3rd period - Wrist shot by Paul Kariya.
10:28 of 3rd period - Shot Misses the Net.
10:30 of 3rd period - Snap shot by Paul Kariya.
10:30 of 3rd period - Stopped by Cory Schneider without a rebound.
10:31 of 3rd period - Travis Zajac wins face-off versus Jeff Carter in Flyers zone.
10:34 of 3rd period - Wrist shot by David Perron.
10:34 of 3rd period - Stopped by Cory Schneider without a rebound.
10:35 of 3rd period - Jeff Carter wins face-off versus Travis Zajac in Flyers zone.
10:37 of 3rd period - Minor Penalty to Rostislav Olesz for Hooking.
10:38 of 3rd period - Jeff Carter wins face-off versus David Perron in Flyers zone.
10:44 of 3rd period - Wrist shot by Jeff Carter.
10:44 of 3rd period - Shot Blocked by Jake Gardiner.
10:46 of 3rd period - Snap shot by Jeff Carter.
10:46 of 3rd period - Goal by Jeff Carter - Flyers : 3 - Blues : 2.
10:47 of 3rd period - David Perron wins face-off versus Jeff Carter in neutral zone.
10:54 of 3rd period - Slapshot by Alex Pietrangelo.
10:54 of 3rd period - Stopped by Cory Schneider without a rebound.
10:55 of 3rd period - Nik Antropov wins face-off versus Jeff Carter in Flyers zone.
10:58 of 3rd period - Wrist shot by David Perron.
10:58 of 3rd period - Shot Misses the Net.
11:23 of 3rd period - Backhand shot by Alex Pietrangelo.
11:23 of 3rd period - Shot Blocked by Matthew Lombardi.
11:25 of 3rd period - Slapshot by Alex Pietrangelo.
11:25 of 3rd period - Shot Blocked by Jeff Woywitka.
11:27 of 3rd period - Slapshot by Alex Pietrangelo.
11:27 of 3rd period - Shot Blocked by Jeff Woywitka.
12:37 of 3rd period - Penalty to Rostislav Olesz is over, Rostislav Olesz is back on ice.
13:06 of 3rd period - Snap shot by Drew Stafford.
13:06 of 3rd period - Stopped by Cory Schneider with a rebound.
13:34 of 3rd period - Jake Gardiner is hit by Alexei Morozov and loses puck.
14:39 of 3rd period - Alex Pietrangelo is hit by Jeff Carter and loses puck.
14:54 of 3rd period - Drew Fata is hit by Kyle Wellwood and loses puck.
17:44 of 3rd period - Minor Penalty to Drew Stafford for Hooking.
17:45 of 3rd period - Nik Antropov wins face-off versus Jeff Carter in Blues zone.
18:26 of 3rd period - Wrist shot by D.J King.
18:26 of 3rd period - Stopped by Cory Schneider without a rebound.
18:27 of 3rd period - Nik Antropov wins face-off versus Jakub Voracek in Flyers zone.
18:30 of 3rd period - Wrist shot by Nik Antropov.
18:30 of 3rd period - Stopped by Cory Schneider without a rebound.
18:31 of 3rd period - Jeff Carter wins face-off versus Nik Antropov in Flyers zone.
18:36 of 3rd period - Wrist shot by Nik Antropov.
18:36 of 3rd period - Shot Misses the Net.
19:26 of 3rd period - D.J King is hit by Matt Smaby and loses puck.
19:44 of 3rd period - Penalty to Drew Stafford is over, Drew Stafford is back on ice.
19:51 of 3rd period - Wrist shot by Jeff Carter.
19:51 of 3rd period - Shot Misses the Net.
19:53 of 3rd period - Snap shot by Rostislav Olesz.
19:53 of 3rd period - Shot Misses the Net.
19:55 of 3rd period - Slapshot by Matt Smaby.
19:55 of 3rd period - Stopped by Tuukka Rask without a rebound.
19:56 of 3rd period - Claude Julien call a timeout for Blues.
19:56 of 3rd period - Taylor Hall wins face-off versus Rostislav Olesz in Blues zone.
19:56 of 3rd period - Taylor Hall is hit by Jeff Carter.
Goals for this period are 3 for Flyers vs 1 for Blues.
Shots for this period are 9 for Flyers vs 11 for Blues.
Back to the Top